 Dungeon Crawl Stone Soup version 0.27.1-33-g824d729ab1 (webtiles) character file.

Game seed: 17309072016748635549

708 jlumianski the Sneak (level 7, 0/44 HPs)
             Began as a Gargoyle Monk on Dec 15, 2021.
             Was a Believer of Wu Jian.
             Slain by Duvessa (15 damage)
             ... on level 5 of the Dungeon.
             The game lasted 00:18:15 (4932 turns).

jlumianski the Sneak (Gargoyle Monk)                Turns: 4932, Time: 00:18:16

Health: 0/44       AC: 15    Str: 17    XL:     7   Next: 67%
Magic:  7/7        EV: 10    Int: 10    God:    Wu Jian [**....]
Gold:   55         SH:  0    Dex: 12    Spells: 6/6 levels left

rFire    . . .     SeeInvis .   y - +1 broad axe (venom)
rCold    . . .     Faith    .   (no shield)
rNeg     + . .     Spirit   .   B - +0 scale mail
rPois    ∞         Reflect  .   x - +0 helmet
rElec    +         Harm     .   (no cloak)
rCorr    .         Rampage  .   (no gloves)
Will     .....                  r - +1 pair of boots
Stlth    +.........             (no amulet)
HPRegen  0.14/turn              C - +4 ring of slaying
MPRegen  0.10/turn              (no ring)

@: no status effects
A: sickness immunity, AC +4, negative energy resistance 1, electricity
resistance, torment resistance 1, petrification resistance
a: Renounce Religion, Wall Jump


You were on level 5 of the Dungeon.
You worshipped Wu Jian.
Wu Jian was pleased with you.
You visited 2 branches of the dungeon, and saw 6 of its levels.

You collected 173 gold pieces.
You spent 118 gold pieces at shops.

Inventory:

Hand Weapons
 a - a +0 hand axe
 e - a +2 dagger of electrocution
 i - a +0 rapier of freezing
 k - a +0 dagger
 s - a +2 hunting sling of freezing
 y - a +1 broad axe of venom (weapon)
Missiles
 d - 87 stones
 l - 34 bolts
 n - 65 sling bullets
Armour
 b - a +0 robe
 c - a +0 leather armour
 r - a +1 pair of boots (worn)
 x - a +0 helmet (worn)
 B - a +0 scale mail (worn)
Jewellery
 C - a +4 ring of slaying (left hand)
Wands
 m - a wand of paralysis (6) (quivered)
 A - a wand of iceblast (5)
Scrolls
 h - 4 scrolls of identify {unknown}
 u - a scroll of teleportation {unknown}
Potions
 f - a potion of lignification
 g - a potion of heal wounds
 j - a potion of might
 o - 2 potions of ambrosia {unknown}
 p - a potion of degeneration {unknown}
 q - a potion of invisibility {unknown}
 t - a potion of haste
 v - a potion of magic {unknown}
 w - a potion of curing
 z - a potion of flight {unknown}


   Skills:
 + Level 4.4 Fighting
 + Level 3.1 Short Blades
 + Level 3.8 Axes
 + Level 3.5 Armour
 + Level 3.6 Dodging
 + Level 4.4 Stealth
 + Level 0.5 Evocations


You had 6 spell levels left.
You didn't know any spells.
Your spell library was empty.

Dungeon Overview and Level Annotations

Branches:
Dungeon (5/15)             Temple (1/1) D:5

Altars:
Dithmenos
Fedhas
Ru
Uskayaw
Wu Jian
Zin

Shops:
D:1 (   D:2 (

Annotations:
D:5 Duvessa


Innate Abilities, Weirdness & Mutations

You are immune to sickness and miasma.
Your stone body is resilient. (AC +4)
You are immune to poison.
You resist negative energy. (rN+)
You are resistant to electric shocks. (rElec)
You are resistant to unholy torment.
You are immune to petrification.


Message History

You now have 55 gold pieces (gained 11).
Found a small granite ring.
C - a +4 ring of slaying
C - a +4 ring of slaying (left hand) Duvessa goes berserk!
Aiming: Wall Jump
Press: ? - help, Dir - move target You repeatedly attack Duvessa from above.
You barely miss Duvessa. x2; Duvessa hits you with a +0 short sword!
Duvessa hits you but does no damage. Duvessa misses you.
Duvessa rages.
Duvessa hits you with a +0 short sword.
Aiming: Wall Jump
Press: ? - help, Dir - move target You repeatedly attack Duvessa from above.
You hit Duvessa but do no damage.
Duvessa is poisoned.
You slash Duvessa!
Duvessa looks as sick as possible!
Duvessa is lightly wounded.
Duvessa hits you with a +0 short sword. x3
You slash Duvessa!
Duvessa looks as sick as possible!
Duvessa is heavily wounded.
Duvessa barely misses you. Duvessa closely misses you.
You barely miss Duvessa.
Duvessa is heavily wounded.
Duvessa hits you but does no damage. Duvessa hits you with a +0 short sword!
* * * LOW HITPOINT WARNING * * *
You feel much better. Duvessa hits you with a +0 short sword.
You barely miss Duvessa.
Duvessa is severely wounded.
Duvessa hits you with a +0 short sword! Duvessa hits you but does no damage.
Duvessa hits you but does no damage.
Aiming: Wall Jump
Press: ? - help, Dir - move target You repeatedly attack Duvessa from above.
You hit Duvessa but do no damage.
Duvessa looks as sick as possible!
Duvessa is severely wounded.
You completely miss Duvessa.
Duvessa is severely wounded.
Duvessa misses you. Duvessa hits you with a +0 short sword!
You die...

######.#.#.# #....
#.#.#.# #####
######.#.#.######
##....#.#........#
#.........#.####.#
#.....#.#.#.#
#.......#.#.#
#.###.###.#.#
#.○@e.# #.#.#
####### #.#.#
.....


You could see Duvessa (berserk, extremely poisoned).

Vanquished Creatures
  Sigmund (D:3)
  A necrophage (D:5)
  A centaur (D:5)
  Dowan (D:5)
  A jelly (D:4)
  3 hounds
  Ijyb (D:5)
  An orc wizard (D:4)
  A hound skeleton (D:4)
  4 adders
  3 gnolls (D:5)
  3 adder skeletons
  A worm (D:2)
  3 dart slugs
  An orc (D:3)
  7 ball pythons
  4 bats
  6 endoplasms
  5 giant cockroaches
  3 goblins
  3 hobgoblins
  6 jackals
  5 kobolds
  4 quokkas
  2 frilled lizards
  5 rats
76 creatures vanquished.

Notes
Turn   | Place    | Note
-------+----------+-------------------------------------------
     0 | D:1      | jlumianski the Gargoyle Monk began the quest for the Orb.
     0 | D:1      | Reached XP level 1. HP: 14/14 MP: 1/1
   328 | D:2      | Reached XP level 2. HP: 12/19 MP: 2/2
   664 | D:1      | Found a faded altar of an unknown god.
   762 | D:1      | Reached XP level 3. HP: 18/23 MP: 3/3
   893 | D:1      | Found Tygeisee's Weapon Shop.
  1274 | D:2      | Found a shadowy altar of Dithmenos.
  1387 | D:2      | Found Soipnixt's Antique Weapon Emporium.
  1778 | D:2      | Reached skill level 1 in Armour
  1787 | D:2      | Reached XP level 4. HP: 26/29 MP: 4/4
  1891 | D:5      | Entered Level 5 of the Dungeon
  1926 | D:5      | Found a staircase to the Ecumenical Temple.
  1937 | Temple   | Entered the Ecumenical Temple
  1951 | Temple   | Became a worshipper of the Wu Jian Council
  1951 | Temple   | Reached * piety under Wu Jian
  1951 | Temple   | Reached ** piety under Wu Jian
  2186 | D:3      | Found a hide-covered altar of Uskayaw.
  2361 | D:3      | Noticed Sigmund
  2457 | D:3      | Killed Sigmund
  2458 | D:3      | Reached skill level 1 in Short Blades
  2458 | D:3      | Reached XP level 5. HP: 21/33 MP: 5/5
  2458 | D:3      | Reached XP level 6. HP: 24/38 MP: 6/6
  3933 | D:5      | Noticed Dowan
  3937 | D:5      | Noticed Duvessa
  4082 | D:5      | Noticed a necrophage
  4086 | D:5      | Killed a necrophage
  4087 | D:5      | Reached XP level 7. HP: 43/43 MP: 7/7
  4231 | D:1      | Bought a +1 broad axe of venom for 118 gold pieces
  4565 | D:5      | Noticed Ijyb
  4572 | D:5      | Killed Ijyb
  4846 | D:5      | Killed Dowan
  4932 | D:5      | Slain by Duvessa

Illustrated notes

Levels and vault maps discovered:
D:1:      elethiomel_arrival_shortcut, layout_rooms,
          hellmonk_ecumenical_altar_slurped_away, serial_shops, shop,
          minmay_bisected
D:2:      layout_loops_ring, serial_shops, nicolae_shop_stone, basic_altar,
          st_stairs_1
D:3:      layout_loops_ring, nicolae_uskayaw_murder_on_the_dancefloor,
          uniq_sigmund
D:4:      layout_basic, minmay_box_of_dots
D:5:      layout_basic, lemuel_zombie_altar_kikubaaqudgha,
          minmay_temple_entry_waves, kennysheep_windowed_goal, uniq_grinder,
          uniq_ijyb, uniq_duvessa
Temple:   nicolae_temple_hex_pool

Skill      XL: |  1  2  3  4  5  6  7 |
---------------+----------------------+-----
Axes           | 3 |  3.8
Armour         | 1 2 3 |  3.5
Fighting       | 4 |  4.4
Short Blades   | 1 2 3 |  3.1
Dodging        | 3 |  3.6
Stealth        | 3 4 |  4.4
Evocations     | |  0.5

Action                   |  1- 3 |  4- 6 |  7- 9 || total
-------------------------+-------+-------+-------++-------
Melee: Hand axe          |    70 |       |       ||    70
       Dagger            |    63 |    83 |       ||   146
       Broad axe         |       |       |    39 ||    39
Invok: Lunge             |       |    10 |     1 ||    11
       Whirlwind         |       |     1 |       ||     1
 Abil: Wall Jump         |       |     8 |     6 ||    14
Evoke: Wand              |       |     4 |       ||     4
  Use: Potion            |       |     4 |     1 ||     5
 Stab: Sleeping          |     2 |       |       ||     2
       Paralysed         |       |     3 |       ||     3
       Distracted        |       |     1 |       ||     1
Armor: Leather armour    |    49 |    37 |     3 ||    89
       Skin              |       |     8 |       ||     8
       Scale mail        |       |       |    28 ||    28
Dodge: Dodged            |   116 |    43 |    20 ||   179
